[Event "Titled Tuesday Blitz July 25 Early 2023"]
[White "Remizov, Yaroslav"]
[Black "Cheer_Down"]
[WhiteFideId "34134015"]
[WhiteElo "2761"]
[BlackElo "2410"]
[Result "1/2-1/2"]
[Round "1"]
[TimeControl "180+2"]
[Date "2023.07.25"]
[WhiteClock "0:00:10"]
[BlackClock "0:00:06"]
[Board "94"]

1. e4 c5 2. Nc3 d6 3. d4 cxd4 4. Qxd4 Nc6 5. Qd2 g6 6. b3 Bh6 7. f4 f5 8. Bb2 Nf6 9. O-O-O fxe4 10. Kb1 Bg4 11. Nge2 Rf8 12. h3 Bxe2 13. Nxe2 Qb6 14. g4 Bg7 15. Bg2 O-O-O 16. Nc3 Kb8 17. Nxe4 Nxe4 18. Bxe4 Bxb2 19. Kxb2 d5 20. Bg2 e5 21. Rhf1 e4 22. h4 a6 23. h5 Qc5 24. h6 Rf7 25. f5 gxf5 26. gxf5 Ne5 27. Qf4 Qc7 28. Bxe4 Rdf8 29. Bxd5 Rxf5 30. Qxf5 Rxf5 31. Rxf5 Ng4 32. Rf7 Qe5+ 33. Kb1 Ne3 34. Re1 Qxd5 35. Rf8+ Ka7 36. Rxe3 Qd1+ 37. Kb2 Qd4+ 38. Rc3 b5 39. a3 a5 40. Rf7+ Ka8 41. b4 axb4 42. axb4 Qxb4+ 43. Rb3 Qd4+ 44. Ka2 b4 45. Rxh7 Qc4 46. Kb1 Qf1+ 47. Kb2 Qf6+ 48. Ka2 Qa6+ 49. Kb1 Qf1+ 50. Kb2 Qf6+ 51. Kc1 Qf1+ 52. Kd2 Qf2+ 53. Kc1 Qf1+ 54. Kb2 1/2-1/2


[Site "https://www.chess.com"]

[Event "Titled Tuesday Blitz July 25 Early 2023"]
[White "Iljin, Timofey"]
[Black "Bauman_Guy"]
[WhiteFideId "14110180"]
[WhiteElo "2410"]
[BlackElo "2759"]
[Result "0-1"]
[Round "1"]
[TimeControl "180+2"]
[Date "2023.07.25"]
[WhiteClock "0:00:17"]
[BlackClock "0:01:32"]
[Board "95"]

1. e4 c5 2. c3 d5 3. exd5 Qxd5 4. d4 e6 5. Nf3 Nf6 6. Bd3 Be7 7. O-O O-O 8. h3 b6 9. Re1 Bb7 10. Be3 Rd8 11. Nbd2 cxd4 12. cxd4 Nc6 13. a3 Rac8 14. Nc4 b5 15. Ncd2 a6 16. Nb3 h6 17. Rc1 Nd7 18. Bf4 Nf6 19. Nc5 Bxc5 20. Rxc5 Qd7 21. Be5 Nxe5 22. Nxe5 Qxd4 23. Rxc8 Bxc8 24. Re3 Bb7 25. Nf3 Qd5 26. Qe2 Rc8 27. Bc2 Qc6 28. Rc3 Qb6 29. Rxc8+ Bxc8 30. Qd3 Bb7 31. Ne5 Qc7 32. f4 Be4 33. Qc3 Qxc3 34. bxc3 Bxc2 35. g4 Nd5 36. g5 Nxf4 37. g6 Nxg6 38. Nc6 Kf8 39. Nb4 Be4 40. Nxa6 Ke7 41. Kf2 Kd6 42. Nb4 Ne5 43. Ke3 Bb7 44. Nc2 Nc4+ 45. Kd3 f5 46. Kd4 e5+ 47. Kd3 Be4+ 48. Ke2 Bxc2 49. a4 bxa4 50. h4 a3 51. h5 a2 52. Kf2 a1=Q 53. Kg3 Qg1+ 54. Kh4 Qg4# 0-1


[Site "https://www.chess.com"]

[Event "Titled Tuesday Blitz July 25 Early 2023"]
[White "Schnaider, Ilan"]
[Black "Spaqi, Wilson"]
[WhiteFideId "169013"]
[BlackFideId "2053888"]
[WhiteElo "2759"]
[BlackElo "2408"]
[Result "1-0"]
[Round "1"]
[TimeControl "180+2"]
[Date "2023.07.25"]
[WhiteClock "0:00:19"]
[BlackClock "0:00:19"]
[Board "96"]

1. e4 c6 2. Nf3 d5 3. Nc3 Nf6 4. e5 Ng8 5. d4 Bg4 6. h3 Bxf3 7. Qxf3 e6 8. Bd3 c5 9. dxc5 Bxc5 10. O-O Nc6 11. Qg3 g6 12. Bg5 Be7 13. Bxe7 Ngxe7 14. Rad1 a6 15. Rfe1 Qc7 16. a3 O-O-O 17. b4 Nf5 18. Qf4 g5 19. Qxg5 Rhg8 20. Qf4 Nce7 21. Bxf5 Nxf5 22. Nxd5 Qc6 23. Qxf5 Rxd5 24. Qf3 Rxd1 25. Qxc6+ bxc6 26. Rxd1 Kc7 27. f4 Rg3 28. Rd3 Rg8 29. Kf2 a5 30. bxa5 Ra8 31. g4 Rxa5 32. Kg3 Rc5 33. c3 Ra5 34. c4 Ra4 35. Rc3 Ra8 36. Kh4 Kd7 37. Kh5 Ke7 38. Rb3 Ra4 39. Rb7+ Kf8 40. f5 exf5 41. gxf5 Rxc4 42. f6 Ke8 43. Re7+ Kf8 44. h4 Re4 45. Kg5 h6+ 46. Kxh6 Rxh4+ 47. Kg5 Rc4 48. Kf5 Kg8 49. Re8+ Kh7 50. Rf8 Ra4 51. Rxf7+ Kh8 52. Rc7 Rxa3 53. Rxc6 Ra8 54. Rc7 Kg8 55. Kg6 Kh8 56. e6 Rg8+ 57. Kf5 Rg7 58. fxg7+ Kg8 59. Rc1 Kh7 60. Kf6 1-0


[Site "https://www.chess.com"]

[Event "Titled Tuesday Blitz July 25 Early 2023"]
[White "Goncalves, Davi Sulzbacher"]
[Black "Schmakel, Sam"]
[WhiteFideId "2154510"]
[BlackFideId "2039311"]
[WhiteElo "2408"]
[BlackElo "2750"]
[Result "1-0"]
[Round "1"]
[TimeControl "180+2"]
[Date "2023.07.25"]
[WhiteClock "0:00:13"]
[BlackClock "0:00:01"]
[Board "97"]

1. d4 d5 2. c4 e6 3. Nf3 c6 4. Nc3 dxc4 5. e4 b5 6. a4 Bb4 7. axb5 cxb5 8. Bd2 Qb6 9. b3 Bxc3 10. Bxc3 b4 11. Bd2 c3 12. Be3 Nf6 13. d5 Qc7 14. d6 Qb7 15. e5 Nd5 16. Bc4 Nxe3 17. fxe3 Bd7 18. O-O Nc6 19. Qe1 a5 20. Qh4 Qb6 21. Rae1 Qc5 22. Ng5 Nxe5 23. Nxe6 Qxd6 24. Nxg7+ Kf8 25. Nf5 Bxf5 26. Rxf5 Rg8 27. Ref1 Ra7 28. Qf4 Qd2 29. g3 Ng4 30. Rxf7+ Ke8 31. Qb8+ Qd8 32. Bb5+ 1-0


[Site "https://www.chess.com"]

[Event "Titled Tuesday Blitz July 25 Early 2023"]
[White "Mahdavi, Reza"]
[Black "SmirnovAlexandrA"]
[WhiteFideId "12595926"]
[WhiteElo "2750"]
[BlackElo "2407"]
[Result "1/2-1/2"]
[Round "1"]
[TimeControl "180+2"]
[Date "2023.07.25"]
[WhiteClock "0:00:13"]
[BlackClock "0:00:10"]
[Board "98"]

1. e4 c5 2. Nf3 d6 3. d4 cxd4 4. Nxd4 Nf6 5. Nc3 a6 6. h3 e6 7. g4 Be7 8. g5 Nfd7 9. Bg2 Nc6 10. h4 O-O 11. f4 e5 12. Nxc6 bxc6 13. f5 Nb6 14. h5 d5 15. g6 Bh4+ 16. Kf1 fxg6 17. hxg6 hxg6 18. Qg4 g5 19. Be3 d4 20. Rd1 Qe7 21. Bf2 dxc3 22. Bxb6 g6 23. Bc5 Qxc5 24. Rxh4 Bxf5 25. exf5 Rxf5+ 26. Bf3 Raf8 27. Rh3 cxb2 28. Qe4 Qc3 29. Kg2 Kg7 30. Qxc6 Qxc6 31. Bxc6 Rf2+ 32. Kg3 Rxc2 33. Be4 Rc3+ 34. Kg2 Rxh3 35. Kxh3 a5 36. Rd2 Rb8 37. Bb1 a4 38. a3 Kf6 39. Kg4 Rb3 40. Rf2+ Ke7 41. Kxg5 e4 42. Re2 e3 43. Bxg6 b1=Q 44. Bxb1 Rxb1 45. Rxe3+ Kd6 46. Re4 Kc5 47. Rxa4 Kb5 48. Ra8 Kc6 49. Kf4 Kb7 50. Ra4 Re1 51. Rb4+ Ka6 52. Ra4+ Kb5 53. Ra8 Kb6 54. Kf3 Kb7 55. Ra4 Kb6 56. Kf2 Re8 57. Kf3 Kb5 58. Rh4 Ka5 59. Kf2 Re7 60. Kf3 Re8 61. Kf4 Re7 62. Kf5 Re8 63. Kf6 Re1 64. Kf5 Ra1 65. Rh3 Ka4 66. Ke5 Rxa3 67. Rh4+ Kb3 68. Kd5 Kb2 69. Kc5 Rc3+ 70. Kb4 Rb3+ 71. Kc4 Rc3+ 72. Kd4 Kb3 73. Rh8 Rc4+ 74. Kd5 Rb4 75. Rh3+ Kb2 76. Kc5 Rg4 77. Kd5 Rf4 78. Ke5 Ra4 79. Rf3 Rb4 80. Kd5 Ra4 81. Kc5 Rh4 82. Rg3 Kc2 83. Kd5 Kb2 84. Rg2+ Kc3 85. Ke5 Ra4 86. Rg3+ Kd2 87. Rh3 Rb4 88. Rh2+ Ke1 89. Kd5 Ra4 90. Kc5 Rg4 91. Ra2 Rf4 1/2-1/2


[Site "https://www.chess.com"]

[Event "Titled Tuesday Blitz July 25 Early 2023"]
[White "Jumanov, Elbek"]
[Black "Dvirnyy, Danyyil"]
[WhiteFideId "14202905"]
[BlackFideId "817570"]
[WhiteElo "2405"]
[BlackElo "2749"]
[Result "0-1"]
[Round "1"]
[TimeControl "180+2"]
[Date "2023.07.25"]
[WhiteClock "0:00:14"]
[BlackClock "0:00:36"]
[Board "99"]

1. c4 g6 2. Nf3 Bg7 3. Nc3 d6 4. g3 Nc6 5. Bg2 e5 6. O-O Nf6 7. Rb1 a5 8. d3 O-O 9. a3 h6 10. b4 axb4 11. axb4 Nd4 12. b5 Bg4 13. Nxd4 exd4 14. Nd5 Nxd5 15. Bxd5 Qc8 16. Re1 c6 17. bxc6 bxc6 18. Bg2 Re8 19. Qc2 Qd7 20. Rb6 d5 21. cxd5 cxd5 22. Bf4 Rac8 23. Qd2 g5 24. Bd6 Re6 25. Qb4 Rxe2 26. Rf1 Be6 27. Rb8 Rxb8 28. Qxb8+ Kh7 29. Rb1 Bh3 30. Bxd5 Qf5 31. Be4 Rxe4 32. dxe4 Qf3 0-1


[Site "https://www.chess.com"]

[Event "Titled Tuesday Blitz July 25 Early 2023"]
[White "Matinian, Nikita"]
[Black "ZugZwang1201"]
[WhiteFideId "24129100"]
[WhiteElo "2747"]
[BlackElo "2405"]
[Result "0-1"]
[Round "1"]
[TimeControl "180+2"]
[Date "2023.07.25"]
[WhiteClock "0:00:01"]
[BlackClock "0:00:04"]
[Board "100"]

1. e4 c5 2. Nf3 e6 3. d4 cxd4 4. Nxd4 a6 5. Nc3 Qc7 6. Be3 Nf6 7. f3 b5 8. Qd2 Bb7 9. O-O-O Bb4 10. a3 Bxc3 11. Qxc3 Qxc3 12. bxc3 d5 13. e5 Nfd7 14. f4 Nc6 15. Nb3 O-O-O 16. h4 h5 17. Rh3 g6 18. Kb2 Kc7 19. Ra1 Nb6 20. Bxb6+ Kxb6 21. a4 Ra8 22. a5+ Kc7 23. Be2 Rac8 24. g4 hxg4 25. Bxg4 Rh6 26. Rah1 Rch8 27. h5 gxh5 28. Rxh5 Rxh5 29. Rxh5 Rg8 30. Bh3 Bc8 31. Rh7 Rf8 32. Kc1 Kd8 33. Kd2 Ke8 34. Ke3 Rg8 35. Kf2 Kf8 36. Rh4 Ke7 37. Rh6 Rd8 38. Bg4 Rg8 39. Bh5 Rg7 40. f5 Rg5 41. f6+ Kd8 42. Rh8+ Kc7 43. Bxf7 Nxe5 44. Rxc8+ Kxc8 45. Bxe6+ Kc7 46. Nd4 Kd6 47. f7 Ng6 48. Ke3 Re5+ 49. Kd3 Rxe6 50. Nxe6 Kxe6 51. Kd4 Kd6 52. Ke3 Ke5 53. Kd3 Nf8 54. Ke3 Ne6 55. Kd3 Kf6 56. f8=Q+ Nxf8 57. Kd4 Ke6 58. Kc5 Nd7+ 59. Kc6 Nf6 60. Kb6 Kd6 61. Kxa6 Kc6 62. Ka7 Ne4 63. a6 Nxc3 64. Kb8 Na4 65. a7 Nb6 66. c3 b4 67. cxb4 d4 68. b5+ Kxb5 69. Kc7 d3 70. Kb7 d2 71. a8=Q Nxa8 72. Kxa8 d1=Q 73. Kb7 Qd7+ 74. Kb8 Kb6 75. Ka8 Qc8# 0-1


[Site "https://www.chess.com"]

[Event "Titled Tuesday Blitz July 25 Early 2023"]
[White "Xie, Bryan"]
[Black "Djordjevic, Vuk"]
[WhiteFideId "30941296"]
[BlackFideId "902098"]
[WhiteElo "2404"]
[BlackElo "2747"]
[Result "0-1"]
[Round "1"]
[TimeControl "180+2"]
[Date "2023.07.25"]
[WhiteClock "0:00:03"]
[BlackClock "0:00:35"]
[Board "101"]

1. e4 e6 2. d4 d5 3. e5 c5 4. c3 Nc6 5. Nf3 Qb6 6. a3 Bd7 7. b4 cxd4 8. cxd4 a5 9. b5 Na7 10. a4 Ne7 11. Ba3 Rc8 12. Bc5 Qd8 13. Bxa7 b6 14. Nbd2 Ra8 15. Bxb6 Qxb6 16. Nb3 Nf5 17. Bd3 Bb4+ 18. Kf1 O-O 19. g4 Ne7 20. Kg2 f5 21. exf6 Rxf6 22. Ne5 Be8 23. Rc1 Rf4 24. Kg3 g5 25. h4 Bd6 26. Qe2 Bg6 27. Bb1 Raf8 28. f3 Rxd4 29. Nxd4 Qxd4 30. Rhe1 Bxb1 31. Rxb1 Ng6 32. Rbd1 Qf4+ 33. Kg2 Nxh4+ 34. Kg1 Qg3+ 35. Kh1 Bxe5 36. Qxe5 Qxf3+ 37. Kh2 Qg2# 0-1


[Site "https://www.chess.com"]

[Event "Titled Tuesday Blitz July 25 Early 2023"]
[White "djokovic74"]
[Black "Donskov, Anatoly"]
[BlackFideId "24143413"]
[WhiteElo "2744"]
[BlackElo "2404"]
[Result "1-0"]
[Round "1"]
[TimeControl "180+2"]
[Date "2023.07.25"]
[WhiteClock "0:01:40"]
[BlackClock "0:00:26"]
[Board "102"]

1. e4 c5 2. Nf3 e6 3. d4 cxd4 4. Nxd4 Nf6 5. Nc3 Nc6 6. Ndb5 Bc5 7. Nd6+ Ke7 8. Bf4 e5 9. Nf5+ Kf8 10. Bg5 d6 11. Ne3 h6 12. Bxf6 Qxf6 13. Ncd5 Qd8 14. Bc4 g6 15. O-O Kg7 16. c3 a6 17. b4 Ba7 18. a4 Be6 19. Qd2 Qd7 20. b5 Na5 21. b6 Bb8 22. f4 Nxc4 23. Nxc4 Qc6 24. Nce3 Qc5 25. Kh1 a5 26. f5 Bd7 27. fxg6 fxg6 28. Qf2 1-0


[Site "https://www.chess.com"]

[Event "Titled Tuesday Blitz July 25 Early 2023"]
[White "Rios Escobar, Adan"]
[Black "Volovich, Vasily"]
[WhiteFideId "3403645"]
[BlackFideId "34169676"]
[WhiteElo "2404"]
[BlackElo "2741"]
[Result "1/2-1/2"]
[Round "1"]
[TimeControl "180+2"]
[Date "2023.07.25"]
[WhiteClock "0:00:04"]
[BlackClock "0:00:05"]
[Board "103"]

1. d4 Nf6 2. g3 e6 3. c4 d5 4. Nf3 dxc4 5. Bg2 Nc6 6. Qa4 Bb4+ 7. Bd2 Qd6 8. O-O O-O 9. e3 a6 10. Qc2 Bxd2 11. Nfxd2 b5 12. b3 cxb3 13. Nxb3 Nb4 14. Qe2 Rb8 15. Nc5 Nd7 16. Ne4 Qe7 17. Rc1 Bb7 18. Rxc7 Rfc8 19. Rxc8+ Rxc8 20. Nbd2 Bxe4 21. Nxe4 Nd5 22. Qd2 Qa3 23. h4 b4 24. Rb1 Nc3 25. Rb3 Qxa2 26. Rxb4 Qxd2 27. Nxd2 a5 28. Rb7 Nf6 29. Ra7 a4 30. Bf3 g6 31. Kg2 Rb8 32. Nc4 Nfd5 33. Bxd5 exd5 34. Ne5 Rb2 35. Nxf7 Nd1 36. Nh6+ Kh8 37. g4 Rxf2+ 38. Kg3 Rf8 39. g5 Nxe3 40. Rxa4 Nf5+ 41. Kg4 Nxh6+ 42. gxh6 Re8 43. Ra5 Re4+ 44. Kg5 Kg8 45. Ra7 Rxd4 46. Rg7+ Kh8 47. Rf7 Kg8 48. Rg7+ Kh8 49. Rf7 Kg8 50. Rg7+ 1/2-1/2


[Site "https://www.chess.com"]

[Event "Titled Tuesday Blitz July 25 Early 2023"]
[White "Zubritskiy, Artyom"]
[Black "Marn, Jan"]
[WhiteFideId "4181247"]
[BlackFideId "14619245"]
[WhiteElo "2739"]
[BlackElo "2404"]
[Result "1-0"]
[Round "1"]
[TimeControl "180+2"]
[Date "2023.07.25"]
[WhiteClock "0:00:07"]
[BlackClock "0:00:02"]
[Board "104"]

1. d4 e6 2. c4 f5 3. g3 Nf6 4. Bg2 Be7 5. Nf3 O-O 6. O-O d6 7. b3 Nbd7 8. Bb2 Qe8 9. Nc3 Ne4 10. Nd2 Nxc3 11. Bxc3 e5 12. e3 a5 13. Qc2 f4 14. exf4 exf4 15. Rae1 Nf6 16. Ne4 Qh5 17. f3 Nxe4 18. g4 Qh6 19. Rxe4 Bh4 20. d5 Bd7 21. Qd2 Rae8 22. Rxe8 Rxe8 23. Bxa5 Bf6 24. Bxc7 Be5 25. Bb6 Qf6 26. Re1 Ra8 27. Re2 Bxg4 28. fxg4 f3 29. Rf2 Qh4 30. Bxf3 1-0


[Site "https://www.chess.com"]

[Event "Titled Tuesday Blitz July 25 Early 2023"]
[White "Hoffmann, Asa"]
[Black "splendidkid"]
[WhiteFideId "2001470"]
[WhiteElo "2403"]
[BlackElo "2738"]
[Result "1-0"]
[Round "1"]
[TimeControl "180+2"]
[Date "2023.07.25"]
[WhiteClock "0:00:11"]
[BlackClock "0:00:41"]
[Board "105"]

1. d4 Nf6 2. Bg5 Ne4 3. Bf4 c5 4. f3 Qa5+ 5. c3 Nf6 6. d5 Qb6 7. e4 e6 8. Na3 exd5 9. exd5 d6 10. Nc4 Qc7 11. Qe2+ Kd8 12. O-O-O b5 13. Ne3 Ba6 14. Qf2 b4 15. c4 Nbd7 16. g4 g6 17. h4 h5 18. g5 Ne8 19. Bh3 Qa5 20. Kb1 b3 21. a3 Bg7 22. Ne2 Ne5 23. Bxe5 Bxe5 24. f4 Bg7 25. f5 Be5 26. fxg6 fxg6 27. Qf7 Qc7 28. Qxg6 Qh7 29. Qxh7 Rxh7 30. Rhf1 Kc7 31. Nf4 Kb6 32. Ne6 Nc7 33. Rd3 Nxe6 34. Rxb3+ Ka5 35. Bxe6 Ka4 36. Ka2 Bd4 37. Rc1 Rf8 38. Nf5 Be5 39. g6 Rc7 40. Re1 Rf6 41. Rxe5 dxe5 42. Rb8 Rxg6 43. b3+ Ka5 44. d6 Rg2+ 45. Kb1 Rb7 46. Rxb7 Bxb7 47. d7 Rd2 48. Bd5 Bxd5 49. d8=Q+ Ka6 50. cxd5 Kb5 51. Nd6+ Ka6 52. Nc4 Rd4 53. d6 Kb5 54. Qd7+ Ka6 55. Qc6# 1-0


[Site "https://www.chess.com"]

[Event "Titled Tuesday Blitz July 25 Early 2023"]
[White "Dehtiarov, Roman"]
[Black "Bueno, Alfeu Junior Varela"]
[WhiteFideId "14186640"]
[BlackFideId "2108879"]
[WhiteElo "2737"]
[BlackElo "2402"]
[Result "1-0"]
[Round "1"]
[TimeControl "180+2"]
[Date "2023.07.25"]
[WhiteClock "0:00:06"]
[BlackClock "0:00:13"]
[Board "106"]

1. c4 e5 2. g3 Nc6 3. Bg2 f5 4. Nc3 Nf6 5. e3 Bb4 6. Nge2 d6 7. a3 Bxc3 8. Nxc3 O-O 9. O-O f4 10. d3 fxg3 11. fxg3 Bg4 12. Qe1 Qe8 13. Bd2 Qh5 14. Nd5 Nxd5 15. cxd5 Ne7 16. Rc1 c6 17. dxc6 bxc6 18. d4 Rxf1+ 19. Qxf1 Be2 20. Qe1 Rf8 21. dxe5 dxe5 22. Bb4 Rf7 23. Bxe7 Rxe7 24. Rxc6 Qg4 25. h3 Qh5 26. Rc8+ Kf7 27. Qf2+ Ke6 28. g4 Bxg4 29. hxg4 Qxg4 30. Rc6+ Kd7 31. Qd2+ Ke8 32. Rc8+ Kf7 33. Qd5+ Kg6 34. Qe4+ Kh6 35. Qxg4 1-0


[Site "https://www.chess.com"]

[Event "Titled Tuesday Blitz July 25 Early 2023"]
[White "Ramirez Vido, Robert Yorisan"]
[Black "Xu, Yi"]
[WhiteFideId "3513823"]
[BlackFideId "8605564"]
[WhiteElo "2401"]
[BlackElo "2735"]
[Result "0-1"]
[Round "1"]
[TimeControl "180+2"]
[Date "2023.07.25"]
[WhiteClock "0:00:06"]
[BlackClock "0:00:49"]
[Board "107"]

1. f4 c5 2. Nf3 Nc6 3. g3 g6 4. Bg2 Bg7 5. d3 d6 6. O-O e6 7. e4 Nge7 8. c3 b5 9. Be3 b4 10. Bf2 Qb6 11. d4 cxd4 12. cxd4 d5 13. e5 a5 14. Nbd2 Ba6 15. Re1 h5 16. Nb3 Nf5 17. Nc5 Bf8 18. Nxa6 Rxa6 19. Rc1 Be7 20. Re2 Kd7 21. Rec2 Rc8 22. Qd3 Ra7 23. Bf1 Rb7 24. Qa6 Na7 25. Qd3 Rbc7 26. h3 Rxc2 27. Rxc2 Rxc2 28. Qxc2 Nc6 29. Qa4 Kc7 30. g4 hxg4 31. hxg4 Nfxd4 32. Nxd4 Nxd4 33. Qe8 Bh4 34. Qxf7+ Kb8 35. Bxh4 Ne2+ 36. Kg2 Qg1+ 37. Kf3 Nd4# 0-1


[Site "https://www.chess.com"]

[Event "Titled Tuesday Blitz July 25 Early 2023"]
[White "Bryakin, Mikhail"]
[Black "Miszler, Levente"]
[WhiteFideId "4165314"]
[BlackFideId "763276"]
[WhiteElo "2735"]
[BlackElo "2401"]
[Result "1-0"]
[Round "1"]
[TimeControl "180+2"]
[Date "2023.07.25"]
[WhiteClock "0:00:11"]
[BlackClock "0:00:27"]
[Board "108"]

1. e4 c5 2. Nf3 d6 3. d4 cxd4 4. Qxd4 Nc6 5. Qd3 g6 6. Nc3 Bg7 7. Be2 Nf6 8. O-O O-O 9. Nd5 b6 10. c3 Bb7 11. Bg5 Ne5 12. Nxe5 dxe5 13. Bxf6 exf6 14. Rad1 Bxd5 15. Qxd5 Qxd5 16. Rxd5 Rfd8 17. Rfd1 Rxd5 18. Rxd5 Kf8 19. Bb5 a6 20. Bc6 Ra7 21. Rd8+ Ke7 22. Rb8 b5 23. g4 Bh6 24. Bd5 Bc1 25. b3 Bb2 26. c4 bxc4 27. bxc4 Bd4 28. Kf1 Rc7 29. h4 Rc5 30. Rb7+ Kd8 31. Rxf7 Ra5 32. Rxh7 Rxa2 33. h5 gxh5 34. gxh5 Rxf2+ 35. Ke1 a5 36. Bc6 Rh2 37. Kd1 f5 38. exf5 e4 39. Rd7+ Kc8 40. Rxd4 Kc7 41. Bxe4 a4 42. Rd2 Rxh5 1-0


[Site "https://www.chess.com"]

[Event "Titled Tuesday Blitz July 25 Early 2023"]
[White "Stork, Oliver"]
[Black "Morefield, Jason"]
[WhiteFideId "12955728"]
[BlackFideId "30920825"]
[WhiteElo "2400"]
[BlackElo "2734"]
[Result "0-1"]
[Round "1"]
[TimeControl "180+2"]
[Date "2023.07.25"]
[WhiteClock "0:00:12"]
[BlackClock "0:01:11"]
[Board "109"]

1. c4 e5 2. Nc3 Nf6 3. g3 Bb4 4. Bg2 Bxc3 5. bxc3 O-O 6. d3 d6 7. Nf3 e4 8. Nd4 exd3 9. exd3 Re8+ 10. Be3 Ng4 11. O-O Rxe3 12. fxe3 Nxe3 13. Qf3 Nxf1 14. Rxf1 f6 15. Qd5+ Kh8 16. Re1 Nd7 17. Ne6 Qe7 18. Re4 Ne5 19. Nf4 c6 20. Qa5 Bf5 21. Re3 Qd7 22. Qb4 Re8 23. d4 Ng4 24. Rxe8+ Qxe8 25. h3 Qe1+ 26. Bf1 Qf2+ 0-1


[Site "https://www.chess.com"]

[Event "Titled Tuesday Blitz July 25 Early 2023"]
[White "Fantastic_Power"]
[Black "Willy, Stephen"]
[BlackFideId "30981468"]
[WhiteElo "2733"]
[BlackElo "2400"]
[Result "1-0"]
[Round "1"]
[TimeControl "180+2"]
[Date "2023.07.25"]
[WhiteClock "0:00:39"]
[BlackClock "0:00:04"]
[Board "110"]

1. e4 c5 2. d4 cxd4 3. Nf3 e5 4. c3 dxc3 5. Nxc3 Nf6 6. Bc4 Bb4 7. Bxf7+ Kf8 8. Bb3 Nc6 9. O-O d6 10. Ng5 Nd4 11. Be3 Bc5 12. Na4 Qe7 13. Nxc5 dxc5 14. f4 Bg4 15. Qe1 exf4 16. Bxf4 h6 17. e5 Ne2+ 18. Qxe2 Bxe2 19. exf6 Qxf6 20. Bd6+ Ke8 21. Rxf6 gxf6 22. Nf7 Rh7 23. Re1 Rxf7 24. Rxe2+ Kd7 25. Bxf7 Kxd6 26. Re6+ Kc7 27. Re8 Rxe8 28. Bxe8 Kd6 29. Kf2 Ke5 30. Ke3 a6 31. a4 c4 32. a5 f5 33. g3 1-0


[Site "https://www.chess.com"]

[Event "Titled Tuesday Blitz July 25 Early 2023"]
[White "dodoucb"]
[Black "Skvortsov, Andrei"]
[BlackFideId "24108600"]
[WhiteElo "2399"]
[BlackElo "2732"]
[Result "0-1"]
[Round "1"]
[TimeControl "180+2"]
[Date "2023.07.25"]
[WhiteClock "0:00:12"]
[BlackClock "0:00:58"]
[Board "111"]

1. Nf3 d6 2. d4 Bf5 3. c4 Nf6 4. Nc3 g6 5. Qb3 Qc8 6. Bg5 Bg7 7. e3 O-O 8. Be2 a5 9. h3 Re8 10. O-O Ne4 11. Nxe4 Bxe4 12. Rac1 a4 13. Qd1 e5 14. c5 dxc5 15. Rxc5 b6 16. Rc1 exd4 17. Nxd4 Qb7 18. Bf3 Bxf3 19. Qxf3 Qxf3 20. Nxf3 c5 21. Rc2 Na6 22. Rd2 h6 23. Bh4 Nb4 24. a3 Nc6 25. Rfd1 Na5 26. Bg3 Rac8 27. Re2 Nc4 28. Rb1 Red8 29. Rc2 Na5 30. e4 Rd3 31. e5 Rcd8 32. Kh2 g5 33. Re1 Rd1 34. Ree2 Nb3 35. e6 f5 36. Bc7 Re8 37. Bxb6 Nd4 38. Nxd4 cxd4 39. Rcd2 Rxd2 40. Rxd2 Rxe6 41. Bxd4 Rd6 42. Be3 Rxd2 43. Bxd2 Bxb2 44. Bb4 Kf7 45. g4 fxg4 46. hxg4 Kg6 47. Kg3 Be5+ 48. Kf3 h5 49. gxh5+ Kxh5 50. Ke4 Bb8 51. f3 Kg6 52. Be7 Bf4 53. Bb4 Kf6 54. Bf8 Ke6 55. Bb4 Kd7 56. Kf5 Kc6 57. Be7 Bc1 58. Bxg5 Bxa3 59. Bf6 Kd5 60. Kg6 Bc1 61. Kf5 a3 0-1


[Site "https://www.chess.com"]

[Event "Titled Tuesday Blitz July 25 Early 2023"]
[White "Goltsev, Dmitry"]
[Black "Molina Carretero, Daniel"]
[WhiteFideId "24176710"]
[BlackFideId "32071914"]
[WhiteElo "2732"]
[BlackElo "2392"]
[Result "1/2-1/2"]
[Round "1"]
[TimeControl "180+2"]
[Date "2023.07.25"]
[WhiteClock "0:02:23"]
[BlackClock "0:02:55"]
[Board "112"]

1. e4 c5 2. Nf3 d6 3. d4 cxd4 4. Nxd4 Nf6 5. Nc3 g6 6. Be2 Bg7 7. O-O Nc6 8. Be3 O-O 9. f4 Qb6 10. Na4 Qa5 11. Nc3 Qb6 12. Na4 Qa5 13. Nc3 Qb6 1/2-1/2


[Site "https://www.chess.com"]

[Event "Titled Tuesday Blitz July 25 Early 2023"]
[White "Mika, Tomasz"]
[Black "Timmermans, Mark"]
[WhiteFideId "1132970"]
[BlackFideId "1026399"]
[WhiteElo "2392"]
[BlackElo "2731"]
[Result "0-1"]
[Round "1"]
[TimeControl "180+2"]
[Date "2023.07.25"]
[WhiteClock "0:00:05"]
[BlackClock "0:00:34"]
[Board "113"]

1. e4 e5 2. Nf3 Nc6 3. Bc4 Nf6 4. Ng5 Bc5 5. Bxf7+ Ke7 6. Bc4 Rf8 7. d3 h6 8. Nf3 d6 9. Be3 Bg4 10. Bxc5 dxc5 11. h3 Bh5 12. g4 Nxg4 13. Nh4 Qd4 14. Qd2 Rxf2 15. Nf5+ Rxf5 16. exf5 Ne3 17. Nc3 Qh4+ 18. Qf2 Nxc2+ 19. Kf1 Qxf2+ 20. Kxf2 Nxa1 21. Rxa1 a6 22. Rg1 Kf8 23. Nd5 Rc8 24. a4 Bf7 25. f6 g5 26. h4 gxh4 27. Rg7 Na5 28. Ne7 Nxc4 29. Nxc8 Nxb2 30. Ke3 h3 31. Rg3 h2 32. Rh3 Nd1+ 33. Ke2 Nc3+ 34. Kd2 Nxa4 35. Rxh2 h5 36. Ne7 c4 37. Rg2 cxd3 38. Rg7 Nc5 39. Ke3 d2 40. Kxd2 Ne4+ 41. Ke3 Nxf6 42. Nf5 Be6 43. Rg6 Ng4+ 44. Ke4 Kf7 45. Rg7+ Kf6 46. Rxc7 Bxf5+ 0-1


[Site "https://www.chess.com"]

[Event "Titled Tuesday Blitz July 25 Early 2023"]
[White "Csonka, Balazs"]
[Black "Astafurov, Arseniy"]
[WhiteFideId "742910"]
[BlackFideId "24175218"]
[WhiteElo "2729"]
[BlackElo "2391"]
[Result "1-0"]
[Round "1"]
[TimeControl "180+2"]
[Date "2023.07.25"]
[WhiteClock "0:00:03"]
[BlackClock "0:00:01"]
[Board "114"]

1. d4 Nf6 2. c4 c5 3. d5 b5 4. cxb5 a6 5. bxa6 g6 6. Nc3 Bg7 7. e4 O-O 8. Be2 Qa5 9. Bd2 Bxa6 10. e5 Ne8 11. Nf3 Qb4 12. Rb1 d6 13. e6 fxe6 14. dxe6 Qg4 15. O-O Qxe6 16. Re1 Bxe2 17. Rxe2 Qf7 18. b4 cxb4 19. Rxb4 Nc6 20. Rf4 Nf6 21. Ng5 Qe8 22. Ne6 Ne5 23. Nxf8 Qxf8 24. Qb3+ Qf7 25. Qxf7+ Kxf7 26. Ra4 Rb8 27. h3 Rb7 28. Be3 h6 29. Ra7 Rb8 30. a4 Nc4 31. Nb5 Nd5 32. Bd2 Be5 33. Bxh6 Kf6 34. Bd2 g5 35. g3 Rc8 36. Kg2 Ncb6 37. Be3 Rc4 38. Bxb6 Nxb6 39. a5 Nd5 40. a6 Ra4 41. Ra8 Nb6 42. Ra7 Nd5 43. Rd2 Nb4 44. Nc7 Bc3 45. Nd5+ Nxd5 46. Rxd5 Ra2 47. Rd3 Bb4 48. Ra8 Bc5 49. Rf3+ Kg7 50. h4 g4 51. Rf4 e5 52. Rxg4+ Kf7 53. Kh3 Bxf2 54. h5 Bg1 55. Rgg8 d5 56. h6 Rh2+ 57. Kg4 Rxh6 58. Rgf8+ Ke7 59. Rfe8+ Kd7 60. Rxe5 Rg6+ 61. Kf3 Kd6 62. Re1 Bc5 63. a7 Rf6+ 64. Kg4 Rg6+ 65. Kh5 Bxa7 66. Rd8+ Kc7 67. Kxg6 Kxd8 68. Kf7 Kd7 69. Rd1 Kd6 70. g4 Be3 71. Kf6 Kc5 72. g5 d4 73. g6 Bh6 74. Rh1 Bf8 75. Kf7 d3 76. Kxf8 1-0


[Site "https://www.chess.com"]

[Event "Titled Tuesday Blitz July 25 Early 2023"]
[White "Li, Hui"]
[Black "Amilal Munkhdalai"]
[WhiteFideId "15400310"]
[BlackFideId "4903250"]
[WhiteElo "2391"]
[BlackElo "2728"]
[Result "0-1"]
[Round "1"]
[TimeControl "180+2"]
[Date "2023.07.25"]
[WhiteClock "0:00:03"]
[BlackClock "0:00:41"]
[Board "115"]

1. e4 c5 2. Nf3 Nc6 3. d4 cxd4 4. Nxd4 Qc7 5. Nc3 e6 6. Be2 Nf6 7. O-O Bb4 8. Be3 a6 9. Na4 O-O 10. Nxc6 bxc6 11. Nb6 Rb8 12. Nxc8 Rfxc8 13. Bxa6 Re8 14. Bd3 Bd6 15. Kh1 Be5 16. f4 Bxb2 17. Rb1 e5 18. f5 d5 19. Qf3 Bc3 20. Rb3 Rxb3 21. axb3 Qa5 22. g4 Qb4 23. Qg2 Nxe4 24. Bxe4 dxe4 25. g5 Rd8 26. g6 Bd4 27. gxf7+ Kxf7 28. Qxe4 Qc5 29. Bg5 Qd5 30. Re1 Qxe4+ 31. Rxe4 Rd5 32. c4 Ra5 33. Kg2 Ra3 34. b4 Ra4 35. b5 Rxc4 36. bxc6 Rxc6 37. Be3 Bxe3 38. Rxe3 Kf6 39. Rh3 h6 40. Rg3 Rc7 41. Rf3 Rc4 42. Kg3 Kg5 43. h3 Rf4 44. Ra3 Rxf5 45. Ra7 Kg6 46. Kg4 Rf4+ 47. Kg3 Rf6 48. Re7 Rf5 49. Kg4 Kf6 50. Rxg7 Rf4+ 51. Kh5 Kxg7 52. h4 Rf6 0-1


[Site "https://www.chess.com"]